 Dungeon Crawl Stone Soup version 0.27.1 (webtiles) character file.

Game seed: 18020988674420623926

2063 AIAndy the Thaumaturge (level 9, -15/60 HPs)
             Began as a Djinni Conjurer on Aug 28, 2021.
             Was a Priest of Nemelex Xobeh.
             Demolished by a komodo dragon (22 damage)
             ... on level 5 of the Dungeon.
             The game lasted 00:36:43 (7107 turns).

AIAndy the Thaumaturge (Djinni Conjurer)            Turns: 7107, Time: 00:36:45

Health: -15/60     AC:  4    Str:  9    XL:     9   Next: 50%
Gold:   212        EV: 14    Int: 27    God:    Nemelex Xobeh [***...] SH:  0 Dex: 17

rFire    + + .     SeeInvis .   d - +3 dagger (elec)
rCold    x . .     Faith    .   (no shield)
rNeg     . . .     Spirit   .   s - +2 robe
rPois    ∞         Reflect  .   (no helmet)
rElec    .         Harm     .   (no cloak)
rCorr    .         Rampage  .   (no gloves)
Will     .....                  (boots unavailable)
Stlth    ++........             (no amulet)
HPRegen  0.20/turn              I - +6 ring of intelligence
MPRegen  0.00/turn              D - +6 ring of dexterity

@: flying
A: sickness immunity, fire resistance 2, cold vulnerability 1, float, innate
caster, hp casting, extra vitality 1
a: Renounce Religion, Draw Escape, Draw Destruction, Draw Summoning, Triple Draw


You were on level 5 of the Dungeon.
You worshipped Nemelex Xobeh.
Nemelex Xobeh was most pleased with you.
You visited 1 branch of the dungeon, and saw 6 of its levels.
You also visited: Sewer.

You collected 212 gold pieces.


Innate Abilities, Weirdness & Mutations

You are immune to sickness and miasma.
You are immune to poison.
Your flesh is very heat resistant. (rF++)
You are vulnerable to cold. (rC-)
You float through the air rather than walking.
You learn spells naturally, not from books.
Your magical power is your life essence.
You have superior vitality. (+4 HP)


   Skills:
 - Level 3.0 Fighting
 - Level 5.0 Dodging
 - Level 1.5 Stealth
 + Level 8.9 Spellcasting


You had one spell level left.
You knew the following spells:

 Your Spells              Type           Power      Damage    Failure   Level
a - Passwall              Tmut/Erth      47%        N/A       1%          2
b - Summon Ice Beast      Ice/Summ       57%        N/A       1%          4
d - Dazzling Flash        Conj/Hex       100%       N/A       1%          3
f - Fulminant Prism       Conj/Hex       28%        3d14      1%          4
m - Magic Dart            Conj           100%       1d8       1%          1
s - Searing Ray           Conj           100%       3d7       1%          2
w - Stone Arrow           Conj/Erth      100%       3d13      1%          3
z - Summon Small Mammal   Summ           100%       N/A       1%          1
X - Iskenderun's Mystic   Conj/Tloc      57%        2d12      1%          4
Your spell library was empty.

Inventory:

Hand Weapons
 b - a +0 whip of electrocution
 d - a +3 dagger of electrocution (weapon)
 x - a +4 vorpal trident
Missiles
 y - 2 throwing nets {=f}
Armour
 e - a scarf of shadows
 q - a +1 leather armour of fire resistance
 s - a +2 robe (worn)
Jewellery
 a - the ring "Keedden" {Fire Str+4}
   (You took it off an orc on level 4 of the Dungeon)

   [ring of fire]

   It enhances your fire magic.
   Str:       It affects your strength (+4).
   rF:        It protects you from fire.
   rC:        It makes you vulnerable to cold.
 D - a +6 ring of dexterity (right hand)
 I - a +6 ring of intelligence (left hand)
Wands
 B - a wand of polymorph (10)
Scrolls
 h - a scroll of amnesia {unknown}
 i - a scroll of torment {unknown}
 j - a scroll of enchant weapon
 o - a scroll of blinking {unknown}
 p - a scroll of brand weapon {unknown}
 r - 3 scrolls of teleportation {@r2}
 u - a scroll of magic mapping
 w - a scroll of fear
Potions
 c - a potion of brilliance {unknown}
 g - a potion of mutation {unknown}
 l - a potion of haste {@q3}
 m - 3 potions of curing {@q1}
 t - a potion of might {unknown}
 v - a potion of lignification {unknown}
 z - a potion of berserk rage {unknown}
 A - a potion of attraction {unknown}

Dungeon Overview and Level Annotations

Branches:
Dungeon (6/15)             Temple (0/1) D:6           Sewer (visited)

Altars:
Kikubaaqudgha
Nemelex Xobeh

Annotations:
D:3 3 runed translucent doors, AIAndy's ghost, amateur GnDe; Alannah's ghost, weakling DrTm; moritonal's ghost, amateur DECj
D:5 1 runed translucent door, waddelsworth's ghost, novice MiBe

........##.##.#
#.###
#######....##.#
#.#
≈≈≈≈≈≈..##.##.#
#.#
≈.≈≈≈≈.....##.#
#.#
≈≈≈≈≈≈........#
#.#
##########.####
#.# .####.# #.#
#.# ...(..#
#.#######Y#
.######
#.....l@..# .#
########### .#
.# .# ##


You could see a komodo dragon (ally target) and a friendly ice beast (summoned).


Message History

The iguana bites your fulminant prism.
A gnoll comes into view. It is wielding a +0 spear.
Your fulminant prism crackles loudly.
Your fulminant prism explodes!
The blast of energy engulfs the komodo dragon!
The komodo dragon is lightly wounded.
The blast of energy engulfs the iguana!!
You kill the iguana!
You hear a shout!
A wight comes into view. It is wielding a +4 mace of freezing.
The gnoll throws a stone.
The stone hits you. The gnoll hits you with a +0 spear!
The gnoll closely misses you. The gnoll misses you.
There is a stone staircase leading up here.
Things that are here:
a scroll of noise; 2 potions of flight The komodo dragon bites you!!
* * * LOW HITPOINT WARNING * * *
The gnoll barely misses you.
You fly upwards.
Level annotation: 1 runed translucent door, waddelsworth's ghost, novice MiBe
There is a stone staircase leading down here.
Casting: Fulminant Prism (dangerous; 1% risk of failure)
Confirm with . or Enter, or press ? or * to list all spells.
A chill wind blows around you.
* * * LOW HITPOINT WARNING * * *
The komodo dragon bites you!!
You die...
Your body glows slightly and disappears.

Skill      XL: |  1  2  3  4  5  6  7  8  9 |
---------------+----------------------------+-----
Spellcasting   | 4 5 6 7 8 |  8.9
Fighting       | 2 3 |  3.0
Dodging        | 3 5 |  5.0
Stealth        | |  1.5

Action                   |  1- 3 |  4- 6 |  7- 9 || total
-------------------------+-------+-------+-------++-------
 Cast: Magic Dart        |    56 |    77 |   146 ||   279
       Searing Ray       |     3 |     8 |    31 ||    42
       Fulminant Prism   |       |     1 |     6 ||     7
       Stone Arrow       |       |       |    12 ||    12
       Iskenderun's Myst |       |       |     3 ||     3
       Dazzling Flash    |       |       |     1 ||     1
       Summon Ice Beast  |       |       |     2 ||     2
  Use: Scroll            |       |       |     8 ||     8
Armor: Robe              |       |       |     3 ||     3
Dodge: Dodged            |     4 |     6 |    11 ||    21

Levels and vault maps discovered:
D:1:      sevenhm_arrival_forest_fort_small_4, layout_rooms,
          ebering_ecumenical_altar_webs, lemuel_old_faithful
D:2:      layout_basic
D:3:      layout_loops_cross, lemuel_round_altar, gammafunk_ghost_cemetery,
          minmay_misc_feat_chi
D:4:      layout_basic, uniq_duvessa
D:5:      layout_loops_ring, gammafunk_ghost_grave, portal_sewer_entry_f,
          guppyfry_early_orc_mine, uniq_eustachio
D:6:      layout_rooms, gammafunk_temple_overflow_claw,
          minmay_temple_entry_glassed_door, uniq_edmund, uniq_grinder

Notes
Turn   | Place    | Note
-------+----------+-------------------------------------------
     0 | D:1      | AIAndy the Djinni Conjurer began the quest for the Orb.
     0 | D:1      | Reached XP level 1. HP: 15/15 MP: 0/0
   187 | D:1      | Reached XP level 2. HP: 14/21 MP: 0/0
   519 | D:1      | Reached XP level 3. HP: 19/25 MP: 0/0
   519 | D:1      | Learned a level 1 spell: Summon Small Mammal
   655 | D:1      | Reached skill level 4 in Spellcasting
   772 | D:1      | Found a faded altar of an unknown god.
   807 | D:1      | Became a worshipper of Nemelex Xobeh the Trickster
   807 | D:1      | Reached * piety under Nemelex Xobeh
   807 | D:1      | Received a gift from Nemelex Xobeh
  1342 | D:2      | Reached XP level 4. HP: 27/31 MP: 0/0
  1456 | D:2      | Noticed a scorpion
  1459 | D:2      | Killed a scorpion
  1460 | D:2      | Reached XP level 5. HP: 31/35 MP: 0/0
  1460 | D:2      | Learned a level 2 spell: Passwall
  1513 | D:2      | Received a gift from Nemelex Xobeh
  1757 | D:2      | Reached skill level 5 in Spellcasting
  1857 | D:2      | Reached ** piety under Nemelex Xobeh
  2236 | D:3      | Found a runed translucent gate.
  2236 | D:3      | Found a runed translucent gate.
  2236 | D:3      | Found a runed translucent gate.
  2236 | D:3      | Noticed moritonal's ghost (amateur DECj)
  2236 | D:3      | Noticed AIAndy's ghost (amateur GnDe)
  2237 | D:3      | Noticed Alannah's ghost (weakling DrTm)
  2377 | D:3      | Reached XP level 6. HP: 33/40 MP: 0/0
  2674 | D:3      | Received a gift from Nemelex Xobeh
  3189 | D:4      | Reached skill level 6 in Spellcasting
  3192 | D:4      | Reached XP level 7. HP: 23/45 MP: 0/0
  3192 | D:4      | Learned a level 3 spell: Stone Arrow
  3562 | D:4      | Noticed Duvessa
  3565 | D:4      | Noticed Dowan
  3568 | D:4      | Killed Dowan
  3569 | D:4      | Killed Duvessa
  3786 | D:4      | Identified the ring "Keedden" {Fire Str+4}
  3864 | D:4      | Reached *** piety under Nemelex Xobeh
  4154 | D:4      | Received a gift from Nemelex Xobeh
  4495 | D:5      | Entered Level 5 of the Dungeon
  4498 | D:5      | Found a runed translucent door.
  4499 | D:5      | Noticed waddelsworth's ghost (novice MiBe)
  4503 | D:5      | Reached skill level 7 in Spellcasting
  4507 | D:5      | Reached XP level 8. HP: 37/50 MP: 0/0
  5021 | D:5      | Found a glowing drain.
  5037 | Sewer    | Entered a sewer
  5201 | Sewer    | Reached skill level 8 in Spellcasting
  5623 | Sewer    | Reached skill level 1 in Fighting
  5919 | D:5      | Reached skill level 3 in Dodging
  6198 | D:5      | Reached skill level 2 in Fighting
  6253 | D:5      | Reached XP level 9. HP: 54/58 MP: 0/0
  6253 | D:5      | Learned a level 4 spell: Summon Ice Beast
  6446 | D:5      | Reached skill level 4 in Dodging
  6506 | D:5      | Received a gift from Nemelex Xobeh
  6719 | D:5      | Reached skill level 3 in Fighting
  6740 | D:5      | Noticed Eustachio
  6746 | D:5      | Killed Eustachio
  7076 | D:6      | Noticed Edmund
  7081 | D:6      | Killed Edmund
  7082 | D:6      | Reached skill level 5 in Dodging
  7091 | D:6      | Noticed a komodo dragon
  7107 | D:5      | Demolished by a komodo dragon

Vanquished Creatures
  Eustachio (D:5)
  Edmund (D:6)
  An acid dragon (D:5)
  An orc warrior (D:5)
  Duvessa (D:4)
  A black bear (D:6)
  A necrophage (D:5)
  An ogre (D:5)
  A kobold brigand (D:4)
  2 bullfrogs (Sewer)
  A gnoll sergeant (D:5)
  3 scorpions
  Dowan (D:4)
  A water moccasin skeleton (D:5)
  2 howler monkeys
  2 hounds
  2 orc priests
  3 iguanas
  3 orc wizards
  A hound skeleton (D:5)
  A howler monkey zombie (D:5)
  5 gnolls (D:5)
  11 adders
  A shadow imp (D:6)
  An adder zombie (D:5)
  4 worms
  3 dart slugs
  14 orcs
  22 endoplasms
  13 giant cockroaches
  6 hobgoblins
  4 jackals (D:5)
  9 kobolds
  16 quokkas
  12 ball pythons
  5 bats
  11 frilled lizards
  8 goblins
  9 rats
185 creatures vanquished.

Vanquished Creatures (others)
  7 fulminant prisms
  2 withered plants (D:5)
9 creatures vanquished.

Grand Total: 194 creatures vanquished

Table legend: (Time is in decaauts)
 A = Elapsed time spent in this place.
 B = Non-inter-level travel time spent in this place.
 C = Inter-level travel time spent in this place.
 D = Time resting spent in this place.
 E = Time spent auto-exploring this place.
 F = Levels seen in this place.
 G = Mean time per level.
                   A        B        C        D        E       F      G
               +--------+--------+--------+--------+--------+-----+--------+
         Total |   7106 |   6946 |    160 |    744 |   5238 |   7 | 1015.1 |
       Dungeon |   6382 |   6222 |    160 |    744 |   4656 |   6 | 1063.7 |
         Sewer |    723 |    723 |      0 |      0 |    582 |   1 |  723.0 |
               +--------+--------+--------+--------+--------+-----+--------+

Top non-repeatable levels by time:
     D:4: 1986 daAuts
     D:5: 1317 daAuts
     D:1: 1111 daAuts
     D:3: 934 daAuts
     D:2: 929 daAuts
   Sewer: 723 daAuts
     D:6: 102 daAuts

Table legend:
 A = Non-vault XP
 B = Vault XP
 C = Vault XP percentage of total XP
 D = Non-vault monster count
 E = Vault monster count
 F = Vault count percentage of total count
                 A         B        C        D         E       F
            +---------+---------+-------+---------+---------+-------
      Total |    1836 |    1112 |  37.7 |     118 |      67 |  36.2
            +---------+---------+-------+---------+---------+-------
        D:1 |      46 |       0 |   0.0 |      30 |       0 |   0.0
        D:2 |     163 |       0 |   0.0 |      19 |       0 |   0.0
        D:3 |      78 |       0 |   0.0 |      19 |       0 |   0.0
        D:4 |     405 |     210 |  34.1 |      21 |       2 |   8.7
        D:5 |     967 |     437 |  31.1 |      25 |      13 |  34.2
        D:6 |     177 |     157 |  47.0 |       4 |       1 |  20.0
      Sewer |       0 |     308 | 100.0 |       0 |      51 | 100.0
            +---------+---------+-------+---------+---------+-------
